 Dungeon Crawl Stone Soup version 0.30-a0-622-gddc90eaa04 (webtiles) character file.

Game seed: 7744622215688980788

199 drugrobin the Ruffian (level 5, -1/42 HPs)
             Began as a Demigod Delver on Jan 10, 2023.
             Slain by Darkkill's ghost (7 damage)
             ... on level 3 of the Dungeon on Jan 11, 2023.
             The game lasted 00:11:42 (3403 turns).

drugrobin the Ruffian (Demigod Delver)              Turns: 3403, Time: 00:11:43

Health: -1/42      AC:  7    Str: 17    XL:     5   Next: 23%
Magic:  7/7        EV: 10    Int: 12    God:
Gold:   179        SH:  0    Dex: 15    Spells: 4/4 levels left

rFire   . . .      SeeInvis .      - Unarmed
rCold   . . .      Faith    .    (no shield)
rNeg    . . .      Spirit   .    x - +0 scale mail
rPois   .          Reflect  .    z - +0 helmet
rElec   .          Harm     .    (no cloak)
rCorr   .          Rampage  .    (no gloves)
Will    .....                    (no boots)
Stlth   +                        (no amulet)
HPRegen 0.27/turn                (no ring)
MPRegen 0.10/turn                (no ring)

@: mighty
A: high MP 1, forlorn, divine attributes
a: no special abilities


You were on level 3 of the Dungeon.
You visited 1 branch of the dungeon, and saw 5 of its levels.

You collected 179 gold pieces.

Inventory:

Hand Weapons
 b - a +0 whip of venom
 c - a +0 sling
Missiles
 p - 7 poisoned darts (quivered)
 u - 6 curare-tipped darts
Armour
 a - a +0 leather armour
 x - a +0 scale mail (worn)
 z - a +0 helmet (worn)
Jewellery
 A - a ring of fire
Wands
 f - a wand of digging (3)
 C - a wand of polymorph (9)
Scrolls
 d - a scroll of fear
 h - a scroll of enchant armour {unknown}
 i - 2 scrolls of noise {unknown}
 j - 2 scrolls of poison {unknown}
 l - 3 scrolls of enchant weapon {unknown}
 m - 3 scrolls of identify {unknown}
 n - 2 scrolls of vulnerability {unknown}
 o - 3 scrolls of teleportation {unknown}
 t - a scroll of amnesia {unknown}
 y - 2 scrolls of fog
 B - a scroll of silence {unknown}
Potions
 e - a potion of cancellation {unknown}
 g - a potion of degeneration {unknown}
 k - a potion of lignification {unknown}
 q - a potion of might
 r - a potion of curing
 s - a potion of brilliance {unknown}
 v - 3 potions of heal wounds {unknown}
 w - a potion of mutation {unknown}


   Skills:
 - Level 2.6 Fighting
 - Level 1.7 Dodging
 - Level 4.5 Stealth
 + Level 5.3 Unarmed Combat


You had 4 spell levels left.
You didn't know any spells.
Your spell library contained the following spells:

 Spells                   Type           Power      Damage    Failure   Level
 Ignite Poison            Fire/Tmut/Pois 0%         N/A       98%         3
 Kindle Blastsparks       Fire/Tloc/Air  0%         2d10      98%         3
 Sticky Flame             Conj/Fire      0%         2d3       100%        4
 Freezing Cloud           Conj/Ice/Air   0%         6-21      100%        5
 Ignition                 Fire           0%         3d3       100%        8


Dungeon Overview and Level Annotations

Branches:
Dungeon (5/15)
 Temple: D:4-7

Annotations:
D:3 Darkkill's ghost, amateur MiHu
D:4 exclusions: gnoll and necrophage
D:5 exclusion: hound


Innate Abilities, Weirdness & Mutations

You have an increased reservoir of magic. (+10% MP)
You shall have no god before yourself.
Your divine heritage dramatically boosts your attributes as you level up.


Message History

Darkkill's ghost hits you!
* * * LOW HITPOINT WARNING * * *
Unknown command.
Unknown command.
You closely miss Darkkill's ghost.
Darkkill's ghost is moderately damaged.
Darkkill's ghost closely misses you.
Unknown command.
Unknown command.
Unknown command.
You feel better. Darkkill's ghost hits you!
* * * LOW HITPOINT WARNING * * *
You feel better. Darkkill's ghost closely misses you.
You closely miss Darkkill's ghost.
Darkkill's ghost is moderately damaged.
Darkkill's ghost hits you!
* * * LOW HITPOINT WARNING * * *
Unknown command.
Unknown command.
You feel better. Darkkill's ghost completely misses you.
You hit Darkkill's ghost.
Darkkill's ghost is heavily damaged.
Darkkill's ghost hits you!
* * * LOW HITPOINT WARNING * * *
Unknown command.
Unknown command.
You punch Darkkill's ghost!
Darkkill's ghost is severely damaged.
Darkkill's ghost hits you but does no damage.
Unknown command.
Unknown command.
You closely miss Darkkill's ghost.
Darkkill's ghost is severely damaged.
Darkkill's ghost hits you.
* * * LOW HITPOINT WARNING * * *
Unknown command.
You closely miss Darkkill's ghost.
Darkkill's ghost is severely damaged.
Darkkill's ghost hits you!
You die...

##.........##...# ##..#
##..........#...# #..#
.#..............# ##.#
.#########..#...########.#
...# #####.##.....W....#.#
##.###.....##...#######..#
.....W.################.##
.....#####.#~~(~(~~~~#..#
.(.....#...'~~~~@W~~~'..#
.##...)..#.#~~~~~~~~~#.##
#######..###############
#....### ##.....# #######


You could see Darkkill's ghost.

Vanquished Creatures
  Terence (D:3)
  Robin (D:3)
  A river rat (D:3)
  5 adders
  A gnoll (D:4)
  A worm (D:3)
  2 dart slugs
  3 orcs
  9 ball pythons
  4 endoplasms
  A giant cockroach (D:2)
  12 goblins
  10 hobgoblins
  7 jackals
  11 kobolds
  6 quokkas
  3 bats
  4 frilled lizards (D:1)
  3 rats
85 creatures vanquished.

Notes
Turn   | Place    | Note
-------+----------+-------------------------------------------
     0 | D:5      | drugrobin the Demigod Delver began the quest for the Orb.
     0 | D:5      | Reached XP level 1. HP: 18/18 MP: 3/3
    68 | D:5      | Noticed a hound
   206 | D:4      | Reached skill level 2 in Unarmed Combat
   364 | D:4      | Reached XP level 2. HP: 25/25 MP: 4/4
   448 | D:4      | Noticed a necrophage
   535 | D:4      | Reached skill level 3 in Unarmed Combat
   815 | D:4      | Noticed a scorpion
   846 | D:3      | Found a runed translucent door.
   875 | D:3      | Reached XP level 3. HP: 10/30 MP: 5/5
   997 | D:3      | HP: 1/30 [poisoned by a kobold]
  1631 | D:1      | Reached skill level 4 in Unarmed Combat
  2014 | D:2      | Reached XP level 4. HP: 26/37 MP: 6/6
  2683 | D:3      | Noticed Robin
  2748 | D:3      | Killed Robin
  2846 | D:3      | Noticed Terence
  2978 | D:3      | Reached skill level 5 in Unarmed Combat
  2986 | D:3      | Found a runed translucent door.
  3001 | D:3      | Killed Terence
  3002 | D:3      | Reached XP level 5. HP: 24/42 MP: 7/7
  3069 | D:3      | Noticed Darkkill's ghost (amateur MiHu)
  3403 | D:3      | Slain by Darkkill's ghost

Illustrated notes

Levels and vault maps discovered:
D:1:      mrwooster_arrival_statue, layout_basic
D:2:      layout_rooms, basic_altar, chequers_garden
D:3:      layout_rooms, mainiacjoe_overflow_catwalk_spiral,
          ebering_ghost_sewer_f, hellmonk_ecumenical_altar_zigzags,
          uniq_terence, uniq_robin
D:4:      layout_basic
D:5:      layout_loops_corners, mainiacjoe_overflow_alcove_4

Skill      XL: |  1  2  3  4 |
---------------+-------------+-----
Unarmed Combat | 2 3 4 5 |  5.3
Fighting       | |  2.6
Dodging        | |  1.7
Stealth        | |  4.5

Action                   |  1- 3 |  4- 6 || total
-------------------------+-------+-------++-------
Melee: Unarmed           |    71 |   102 ||   173
       Punch             |     4 |     4 ||     8
       Whip              |    72 |    27 ||    99
 Fire: Sling             |       |    29 ||    29
Throw: Dart              |       |     3 ||     3
  Use: Potion            |     2 |     5 ||     7
       Scroll            |     1 |       ||     1
 Stab: Sleeping          |     6 |     1 ||     7
Armor: Leather armour    |    23 |    16 ||    39
       Scale mail        |       |    16 ||    16
Dodge: Dodged            |    96 |    84 ||   180

Table legend: (Time is in decaauts)
 A = Elapsed time spent in this place.
 B = Non-inter-level travel time spent in this place.
 C = Inter-level travel time spent in this place.
 D = Time resting spent in this place.
 E = Time spent auto-exploring this place.
 F = Levels seen in this place.
 G = Mean time per level.
                   A        B        C        D        E       F      G
               +--------+--------+--------+--------+--------+-----+--------+
         Total |   3398 |   3237 |    161 |    363 |   1731 |   5 |  679.6 |
       Dungeon |   3398 |   3237 |    161 |    363 |   1731 |   5 |  679.6 |
               +--------+--------+--------+--------+--------+-----+--------+

Top non-repeatable levels by time:
     D:3: 1157 daAuts
     D:1: 728 daAuts
     D:2: 702 daAuts
     D:4: 562 daAuts
     D:5: 246 daAuts
